[Event "*** Titled Tuesday Blitz"]
[Site "Chess.com"]
[Date "2020.12.01"]
[Round "11"]
[White "mirciulica14"]
[Black "Shuvalov"]
[Result "1-0"]
[WhiteElo "2594"]
[BlackElo "2448"]
[TimeControl "180+1"]
[EndTime "12:05:49 PST"]
[Termination "mirciulica14 won by resignation"]

1. d4 d5 2. c4 c6 3. Nf3 Nf6 4.
Nc3 dxc4 5. a4 Bf5 6. Ne5 Nbd7 7.
Nxc4 Qc7 8. g3 e5 9. dxe5 Nxe5 10.
Bf4 Rd8 11. Qb3 Be6 12. Bxe5 Qxe5 13. Qxb7 Bxc4 14. Qxc6+ Nd7 15. Qxc4 Rb8 16. Bg2 Bb4 17. O-O O-O 18. Rac1 Rfc8 19. Qd5 Bxc3 20. Rxc3 Rxc3 21. Qxe5 Nxe5 22. bxc3 Rb2 23. Rd1 g6 24. e3 Ra2 25.
f4 Ng4 26. Re1 Rxa4 27. h3 Nf6 28. e4 Rc4 29. e5 Nd7 30. Ra1 Rc7 31. Kf2 Nb6 32.
Ra6 h5 33. g4 hxg4 34. hxg4 Kf8 35. Bf3 Ke7 36. Kg3 Nc4 37. Kh4 Nd2 38. Bd5 Kf8 39. Kg5 Kg7 40. f5 gxf5 41. gxf5 Nc4 42. Bxc4 Rxc4 43. Rxa7 Kf8 44. Kf6 Rc6+ 45. e6 fxe6 46.
fxe6 Kg8 47. Ra8+ Kh7 48. Kf7 Rxc3 49. e7 Rf3+ 50. Ke6 Re3+ 51. Kd6 Rd3+ 52. Kc5 Rc3+ 53. Kd4 Rc8 54. Rxc8 1-0

[Event "*** Titled Tuesday Blitz"]
[Site "Chess.com"]
[Date "2020.12.01"]
[Round "11"]
[White "diamonds13"]
[Black "skoularikii"]
[Result "0-1"]
[WhiteElo "2341"]
[BlackElo "2457"]
[TimeControl "180+1"]
[EndTime "12:05:49 PST"]
[Termination "skoularikii won by resignation"]

1. d4 d5 2. c4 c6 3. Nf3 Nf6 4.
Nbd2 e6 5. g3 Be7 6. Bg2 O-O 7.
O-O Nbd7 8. b3 b6 9. Bb2 Bb7 10.
Rc1 dxc4 11. bxc4 c5 12. d5 exd5 13. Nh4 Rb8 14. cxd5 Nxd5 15. Nf5 Bf6 16. Bxf6 Qxf6 17. e4 Nc3 18. Rxc3 Qxc3 19. Nb1 Qb2 20. Qxd7 Rfd8 21. Qc7 Ba6 22. e5 Bxf1 23. Bxf1 Qxb1 24. Nd6 Rf8 25. Kg2 Rbd8 26. Be2 Qc2 27. Bf3 Qd3 28. Be4 Qd4 29.
Qe7 c4 30. Qh4 g6 31. Qe7 c3 32. h4 h5 33. e6 Qxd6 34. exf7+ Rxf7 35. Qg5 Qf6 36. Qh6 Qxf2+ 37. Kh3 Qf1+ 38. Bg2 Qf5+ 39. Kh2 Rd2 40. Qe3 Rxg2+ 41. Kxg2 Qf1+ 42. Kh2 Rf2+ 0-1

[Event "*** Titled Tuesday Blitz"]
[Site "Chess.com"]
[Date "2020.12.01"]
[Round "11"]
[White "Xeniya2005"]
[Black "Jungle_Jaguar"]
[Result "0-1"]
[WhiteElo "2430"]
[BlackElo "2549"]
[TimeControl "180+1"]
[EndTime "12:05:50 PST"]
[Termination "Jungle_Jaguar won by resignation"]

1. e4 c5 2. Nf3 d6 3. Bb5+ Nd7 4. Ba4 a6 5. c4 Nf6 6. O-O e6 7. d3 Be7 8. Nc3 O-O 9. Re1 Qc7 10. h3 Rd8 11.
Bf4 e5 12. Bh2 Nf8 13. Qd2 Ne6 14. Nd5 Nxd5 15. exd5 Nd4 16. Nxd4 cxd4 17. f4 f6 18. Bd1 Bf5 19. Bf3 Re8 20. Be4 Bxe4 21. dxe4 Qxc4 22.
Rac1 Qb5 23. f5 Bd8 24. g4 Ba5 25. Qg2 Bxe1 26. Rxe1 Rac8 27. Rf1 d3 28. g5 Rc2 29. Qg4 Rf8 30. gxf6 Rxf6 31. Bg3 d2 32. Rd1 Rc1 33. Kf2 Qxb2 34. Bh4 Rxd1 35. Qxd1 Qd4+ 36. Kf3 Qd3+ 37. Kf2 Rh6 38. Bg5 Rxh3 39. f6 Rh2+ 40. Kg1 Qg3+ 0-1

[Event "*** Titled Tuesday Blitz"]
[Site "Chess.com"]
[Date "2020.12.01"]
[Round "11"]
[White "Andrii_Prydun"]
[Black "nonsopolo1"]
[Result "0-1"]
[WhiteElo "2330"]
[BlackElo "2224"]
[TimeControl "180+1"]
[EndTime "12:05:50 PST"]
[Termination "nonsopolo1 won on time"]

1. d4 Nf6 2. c4 g6 3. f3 Bg7 4. g4 d6 5. h4 h5 6. g5 Nfd7 7. e4 c5 8. d5 Ne5 9. f4 Ng4 10.
Bd3 O-O 11. f5 Nd7 12. Nf3 a6 13. a4 Rb8 14. a5 b5 15. axb6 Rxb6 16. Nc3 Nde5 17. Nxe5 Bxe5 18. O-O e6 19. f6 Qd7 20. dxe6 Qxe6 21. Nd5 Rb8 22. Ra2 Bb7 23. Ne7+ Kh7 24. b3 Bxe4 25. Bxe4 Bd4+ 26. Qxd4 cxd4 27. Re2 Ne3 28.
Rf4 Rxb3 29. Bd5 Qe5 30. Bxe3 Rxe3 31. Ref2 d3 32. Nc6 Qa1+ 33. Kg2 Re2 34. Nd4 Rxf2+ 35. Kxf2 d2 36. Nc6 Qe1+ 37. Kg2 d1=Q 0-1

[Event "*** Titled Tuesday Blitz"]
[Site "Chess.com"]
[Date "2020.12.01"]
[Round "11"]
[White "Kaslask"]
[Black "MikeSailer"]
[Result "0-1"]
[WhiteElo "2312"]
[BlackElo "2179"]
[TimeControl "180+1"]
[EndTime "12:05:52 PST"]
[Termination "MikeSailer won by resignation"]

1. d4 d5 2. c4 Bf5 3. cxd5 Bxb1 4. Qa4+ c6 5. dxc6 Nxc6 6. Rxb1 e5 7. e3 Bb4+ 8. Bd2 Bxd2+ 9. Kxd2 exd4 10. Bd3 dxe3+ 11.
fxe3 Qg5 12. Qe4+ Nge7 13. h4 Qa5+ 14. Ke2 O-O-O 15. Nf3 Rhe8 16. Rhc1 Nd5 17. Qg4+ Kb8 18. e4 f5 19. Qg3+ f4 20. Qxg7 Rg8 21. b4 Qxa2+ 22. Rc2 Rxg7 23. Rxa2 Nc3+ 24. Kf2 Nxa2 25. b5 Nd4 26.
Ne5 Nc3 27. Rc1 Ncxb5 28. Rc5 a6 29. Bc4 Rc7 30. Rd5 Rxd5 31. exd5 Nd6 32. Bd3 Rc3 33. Bxh7 Nc4 34. h5 Nxe5 35. h6 Nf7 36. Be4 Nxh6 37.
d6 Ne6 38. Bd5 Nd8 39. Be4 Rc4 40. Kf3 Ne6 41. Bd5 Rc3+ 42. Ke4 Nd8 43. Ke5 Kc8 44. Be6+ Nxe6 45. Kxe6 Kd8 46. Ke5 Rg3 47. Kxf4 Rxg2 48.
Ke5 Rb2 0-1

[Event "*** Titled Tuesday Blitz"]
[Site "Chess.com"]
[Date "2020.12.01"]
[Round "11"]
[White "Lysiak_Poltorak"]
[Black "arminmusovic"]
[Result "0-1"]
[WhiteElo "2361"]
[BlackElo "2510"]
[TimeControl "180+1"]
[EndTime "12:05:54 PST"]
[Termination "arminmusovic won by checkmate"]

1. e4 c6 2. d4 d5 3. Nc3 dxe4 4.
Nxe4 Nf6 5. Nxf6+ exf6 6. Bc4 Na6 7. Be3 Bd6 8. Qd2 O-O 9. Ne2 Re8 10. O-O-O b5 11.
Bb3 Nb4 12. a3 Nd5 13. Bxd5 cxd5 14. Ng3 b4 15. axb4 a5 16. b5 Bd7 17. Bf4 Bf8 18. Rhe1 Rxe1 19. Rxe1 Bxb5 20. Nh5 a4 21. Re3 a3 22.
bxa3 Bxa3+ 23. Kd1 Bf8 24. Qc3 Bc4 25. Rg3 Ra3 26. Qb2 Rxg3 27. Nxg3 g5 28. Be3 Qc8 29. Qb6 Qa8 30. Nh5 Be7 31. Nxf6+ Kh8 32. Nh5 Bd8 33. Qh6 Qa1+ 34. Kd2 Ba5+ 35. c3 Qxc3+ 36. Kd1 Bb3+ 37. Ke2 Qc2+ 38. Kf3 Qe4+ 39. Kg3 Qh4+ 40. Kf3 Bd1# 0-1

[Event "*** Titled Tuesday Blitz"]
[Site "Chess.com"]
[Date "2020.12.01"]
[Round "11"]
[White "scoopbh"]
[Black "Sueetin"]
[Result "0-1"]
[WhiteElo "2075"]
[BlackElo "2237"]
[TimeControl "180+1"]
[EndTime "12:05:54 PST"]
[Termination "Sueetin won by resignation"]

1. e4 c5 2. Nf3 e6 3. d4 cxd4 4. Nxd4 Nc6 5. Nb5 d6 6. c4 a6 7. N5a3 Nf6 8. Nc3 Be7 9. Bd3 b6 10. O-O Bb7 11. Be3 O-O 12. Nc2 Ne5 13. f4 Ned7 14.
f5 Nc5 15. Bxc5 bxc5 16. g4 Nd7 17. Ne3 Ne5 18. Bc2 Bf6 19. Qe1 Nc6 20. Rd1 Nd4 21. Bb1 Bc6 22. Nc2 Rb8 23. b3 a5 24. Ne2 Nxe2+ 25. Qxe2 a4 26. g5 Bxg5 27. e5 axb3 28. Rxd6 Qe7 29. axb3 exf5 30. Rxf5 Rxb3 31. Ne1 Be3+ 32.
Kf1 g6 33. Rf3 Rxb1 34. Qxe3 Bd7 35. Rh3 Bxh3+ 36. Qxh3 Qxe5 0-1

[Event "*** Titled Tuesday Blitz"]
[Site "Chess.com"]
[Date "2020.12.01"]
[Round "11"]
[White "Kildepiotr"]
[Black "AldokhinIvan"]
[Result "0-1"]
[WhiteElo "2628"]
[BlackElo "2518"]
[TimeControl "180+1"]
[EndTime "12:05:55 PST"]
[Termination "AldokhinIvan won by resignation"]

1. Nf3 Nf6 2. g3 g6 3. Bg2 Bg7 4. O-O O-O 5. d4 d6 6. Nbd2 Nc6 7. e4 e5 8. dxe5 Ne7 9. exf6 Bxf6 10. Qe2 Bg7 11. Nc4 Bg4 12. h3 Bd7 13. Rd1 Qc8 14. Kh2 Nc6 15. Ne3 Re8 16. Qd3 a5 17. c3 a4 18. Nd5 f5 19. Nd4 fxe4 20. Bxe4 Ne5 21.
Qc2 Bxh3 22. Nxc7 Ng4+ 23. Kg1 Qxc7 24. Bf4 Qc5 25. Rd2 Rf8 26. Ne6 Qh5 27. Nxf8 Rxf8 28. Rd5 Be5 29. Bf3 Bg2 30. Bxg2 Qh2+ 31. Kf1 Bxf4 32.
gxf4 Rxf4 33. Re1 Qg3 34. Rd2 Nh2+ 35. Ke2 Qxg2 36. Qd3 Nf3 37. Qd5+ Kg7 38. Kd1 Nxe1 39. Qxd6 Qf3+ 40. Kc1 Ng2 41. Qe5+ Kh6 42. Rd5 Qe4 43.
Qg5+ Kg7 44. Rd7+ Rf7 45. Rd8 Qe1+ 46. Kc2 Rxf2+ 0-1

[Event "*** Titled Tuesday Blitz"]
[Site "Chess.com"]
[Date "2020.12.01"]
[Round "11"]
[White "banane_verte"]
[Black "Ladislav1969"]
[Result "1/2-1/2"]
[WhiteElo "2493"]
[BlackElo "2381"]
[TimeControl "180+1"]
[EndTime "12:05:55 PST"]
[Termination "Game drawn by repetition"]

1. e4 c5 2. Nc3 e6 3. g3 g6 4. Bg2 Bg7 5. d3 Nc6 6. Be3 Nd4 7. Nge2 Ne7 8. O-O O-O 9. Qd2 Qa5 10. Qc1 d5 11.
exd5 exd5 12. Bh6 Bxh6 13. Qxh6 Nxc2 14. Rac1 Nb4 15. Qg5 f6 16. Qd2 Nxa2 17. Ra1 d4 18. Rxa2 dxc3 19. bxc3 Qc7 20. Rfa1 Nc6 21. d4 cxd4 22.
cxd4 Rd8 23. d5 Ne5 24. Rxa7 Rxa7 25. Rxa7 Bg4 26. Nf4 Nf3+ 27. Bxf3 Bxf3 28. Ra1 Qe5 29. Re1 Qf5 30. d6 g5 31. Ng2 Qd5 32. Qxd5+ Bxd5 33.
Rd1 Bxg2 34. Kxg2 Kf7 35. Kf3 Ke6 36. Rb1 Rd7 37. Rb6 Kd5 38. Kg4 Kc5 39. Rb2 Kxd6 40.
Kf5 Ke7 41. Rb6 Rd5+ 42. Ke4 Rd7 43. Kf5 Rd5+ 44. Ke4 Rd7 45. Kf5 1/2-1/2

[Event "*** Titled Tuesday Blitz"]
[Site "Chess.com"]
[Date "2020.12.01"]
[Round "11"]
[White "Micki-taryan"]
[Black "AlexTriapishko"]
[Result "0-1"]
[WhiteElo "2993"]
[BlackElo "2819"]
[TimeControl "180+1"]
[EndTime "12:05:56 PST"]
[Termination "AlexTriapishko won by resignation"]

1. b3 Nf6 2. Bb2 g6 3. Nf3 Bg7 4. e3 O-O 5. Be2 b6 6. c4 Bb7 7. Nc3 c5 8. O-O d5 9. cxd5 Nxd5 10.
Qc1 Nb4 11. d4 cxd4 12. Nxd4 N8c6 13. Nxc6 Nxc6 14. Rd1 Qb8 15. Nd5 Rc8 16. Bxg7 Kxg7 17. Qb2+ Qe5 18. Qa3 Rd8 19. Bf3 e6 20. Nf4 Rxd1+ 21. Rxd1 Rd8 22. Rc1 Rd7 23. h4 Ne7 24. Qxa7 Qa5 25. Qxa5 bxa5 26. Bxb7 Rxb7 27. Rc5 a4 28.
bxa4 Rb1+ 29. Kh2 Rb2 30. Nd3 Rxa2 31. a5 Nf5 32. Kh3 h5 33. g3 Nd6 34. Nb4 Ra4 35. Nc6 Ra2 36. f3 Ra3 37. Rc2 Nb7 38. Ne5 Rxa5 39.
Nxf7 Kxf7 40. Rc7+ Kf6 41. Rxb7 Ra3 42. g4 hxg4+ 43. Kxg4 Rxe3 44. Kf4 Ra3 45. Rb8 Ra4+ 46. Kg3 Ra5 47. Rf8+ Kg7 48. Rc8 Kf7 49. Rc7+ Kf6 50. Rh7 Ra4 51. Rh6 Kg7 0-1

[Event "*** Titled Tuesday Blitz"]
[Site "Chess.com"]
[Date "2020.12.01"]
[Round "11"]
[White "MartinMatthiesen"]
[Black "Kovalchuk94"]
[Result "0-1"]
[WhiteElo "2419"]
[BlackElo "2575"]
[TimeControl "180+1"]
[EndTime "12:05:56 PST"]
[Termination "Kovalchuk94 won by resignation"]

1. d4 d5 2. c4 e6 3. Nc3 Nf6 4. cxd5 exd5 5. Bg5 c6 6. e3 Be7 7.
Bd3 Nbd7 8. Nge2 h6 9. Bh4 O-O 10. O-O Re8 11. f3 b5 12. e4 b4 13. Na4 dxe4 14. fxe4 Nxe4 15. Bxe4 Bxh4 16. Bxc6 Ba6 17. Qb3 Bf6 18. Bxa8 Bxe2 19. Bd5 Re7 20. Rfe1 Bxd4+ 21. Kh1 Qf8 22. Qxb4 Bf2 23. Rec1 Nf6 24. Bc6 Ng4 25. h3 Ne5 26. Qd2 Nd3 27. Rc3 Nb4 28. Bf3 Bxf3 29. Qxf2 Be4 30. Re1 Nd3 31. Rxd3 Bxd3 32. Nc5 Rxe1+ 33.
Qxe1 Qxc5 34. Qe8+ Kh7 35. Kh2 Qd6+ 36. Kg1 Qd4+ 37.
Kh2 Qxb2 38. Qe3 Bg6 39. Qxa7 Be4 40. Qg1 Qxa2 41. Kg3 Qxg2+ 42. Qxg2 Bxg2 0-1

[Event "*** Titled Tuesday Blitz"]
[Site "Chess.com"]
[Date "2020.12.01"]
[Round "11"]
[White "Man-Chuk"]
[Black "NewBornNow"]
[Result "1-0"]
[WhiteElo "2869"]
[BlackElo "2711"]
[TimeControl "180+1"]
[EndTime "12:05:57 PST"]
[Termination "Man-Chuk won by resignation"]

1. c4 e5 2. Nc3 Nf6 3. Nf3 Nc6 4. e3 Bb4 5. Nd5 a5 6. a3 Be7 7. d3 d6 8. Nxe7 Qxe7 9. b3 O-O 10. Bb2 Bg4 11. Be2 Rfd8 12. h3 Bh5 13. O-O d5 14.
cxd5 Rxd5 15. Qc2 Rad8 16. Rac1 Bg6 17. Rfd1 e4 18. Bxf6 gxf6 19. dxe4 Rxd1+ 20. Rxd1 Rxd1+ 21. Qxd1 Qxa3 22. Bc4 Qe7 23. Bd5 Bxe4 24. Bxe4 Qxe4 25. Qd7 Ne5 26. Qc8+ Kg7 27. Nd4 f5 28. Nxf5+ Kf6 29. Nd4 Ng6 30. Qxc7 h5 31. Qxa5 Nh4 32. Qd8+ Kg6 33.
Qg8+ Kf6 34. Qg3 Qb1+ 35. Kh2 Ng6 36. Qd6+ Kg7 37. Qd5 Qb2 38. f4 Qf2 39. Qxh5 Nxf4 40. Nf5+ Kf6 41. exf4 Qxf4+ 42. Ng3 1-0

[Event "*** Titled Tuesday Blitz"]
[Site "Chess.com"]
[Date "2020.12.01"]
[Round "11"]
[White "Isajevsky_Anton"]
[Black "WPWPWP-2015"]
[Result "1-0"]
[WhiteElo "2593"]
[BlackElo "2489"]
[TimeControl "180+1"]
[EndTime "12:05:57 PST"]
[Termination "Isajevsky_Anton won on time"]

1. c4 e5 2. g3 Nf6 3. Bg2 c6 4. d4 d6 5. Nc3 Be7 6. e3 O-O 7.
Nge2 Nbd7 8. O-O Qc7 9. Qc2 Re8 10. b3 Nf8 11. Bb2 Bg4 12. h3 Bh5 13. Rac1 Ne6 14. Qd2 exd4 15. Nxd4 Nxd4 16. Qxd4 Bg6 17. Rfd1 Qa5 18.
Kh2 Bf8 19. e4 Qb6 20. f3 Qxd4 21. Rxd4 Nd7 22. Rcd1 Nc5 23. R1d2 f6 24. Ne2 a5 25.
Nf4 Bf7 26. Bc3 b6 27. Bf1 g5 28. Ne2 f5 29. exf5 Re3 30. f6 Rae8 31. Bb2 Rxf3 32. Bg2 Rf2 33. Ng1 Rxd2 34. Rxd2 Re3 35. Bxc6 Nd3 36. Bd4 Re1 37. Rxd3 Bg6 38. Rd2 Bf7 39.
Nf3 h6 40. Nxe1 1-0

[Event "*** Titled Tuesday Blitz"]
[Site "Chess.com"]
[Date "2020.12.01"]
[Round "11"]
[White "SergeiAza"]
[Black "rasmussvane"]
[Result "0-1"]
[WhiteElo "2824"]
[BlackElo "2905"]
[TimeControl "180+1"]
[EndTime "12:05:58 PST"]
[Termination "rasmussvane won by resignation"]

1. e4 c6 2. d4 d5 3. e5 Bf5 4.
Nf3 e6 5. Be2 Ne7 6. O-O Ng6 7.
Re1 Nd7 8. Nbd2 f6 9. c4 Be7 10. Nf1 O-O 11. exf6 Bxf6 12. Ng3 Be4 13. Be3 Nb6 14.
b3 Bxf3 15. Bxf3 dxc4 16. Bg4 Re8 17. Ne4 c3 18. Qd3 Nd5 19. Nc5 Qc8 20. Rad1 b6 21. Ne4 c5 22. Nd6 Qc7 23. Nxe8 Rxe8 24. dxc5 Nxe3 25.
Qxe3 bxc5 26. Qg3 Qf7 27. Bh5 Bd4 28. Re2 Qf5 29. Bg4 Qf6 30. Rde1 e5 31. Bh5 Rf8 32. Bxg6 hxg6 33. h3 Qf5 34. Kf1 a5 35. f3 Qd3 36.
Qg4 Rf4 37. Qe6+ Kh7 38. Qc4 Rxf3+ 39. gxf3 Qxf3+ 0-1

[Event "*** Titled Tuesday Blitz"]
[Site "Chess.com"]
[Date "2020.12.01"]
[Round "11"]
[White "Piotrek1979"]
[Black "Witik"]
[Result "0-1"]
[WhiteElo "2495"]
[BlackElo "2622"]
[TimeControl "180+1"]
[EndTime "12:05:59 PST"]
[Termination "Witik won by resignation"]

1. Nf3 Nf6 2. g3 d5 3. Bg2 c6 4. O-O Bg4 5. b3 Nbd7 6. Bb2 e6 7. d3 Be7 8. Nbd2 O-O 9. e4 a5 10. a3 Qb8 11. h3 Bh5 12. g4 Bg6 13. Nh4 Re8 14. Nxg6 hxg6 15. f4 dxe4 16. dxe4 e5 17.
Qe2 exf4 18. Kh1 Bd6 19. Rae1 Be5 20. Nc4 Bxb2 21. Nxb2 g5 22. Rd1 Nc5 23. e5 Qxe5 24. Qxe5 Rxe5 25. Rf2 Nfe4 26. Rf3 Ng3+ 27. Kg1 Rae8 28.
Nc4 Re1+ 29. Rxe1 Rxe1+ 30. Kh2 Re2 31. Rc3 Nce4 32. Rd3 Rxc2 33. Ne5 f6 34. Rd8+ Kh7 35.
Nf3 Nf1+ 36. Kg1 Ne3 37. Bh1 Ng3 38. Rd2 Rc1+ 39. Kf2 Nxh1+ 40. Ke2 Ng3+ 41. Kd3 Rd1 42. a4 Rxd2+ 43. Nxd2 Nd5 44. Nc4 f3 0-1

[Event "*** Titled Tuesday Blitz"]
[Site "Chess.com"]
[Date "2020.12.01"]
[Round "11"]
[White "Kotofeyca"]
[Black "lucachess49"]
[Result "0-1"]
[WhiteElo "2451"]
[BlackElo "2381"]
[TimeControl "180+1"]
[EndTime "12:06:00 PST"]
[Termination "lucachess49 won by checkmate"]

1. d4 Nf6 2. c4 e6 3. Nf3 a6 4. Nc3 d5 5. cxd5 exd5 6. Bg5 Be6 7. e3 Nbd7 8. Be2 Bd6 9. O-O c6 10. a3 Qc7 11. b4 O-O 12. Na4 Ne4 13. Bh4 Bg4 14. Bg3 Bxg3 15. hxg3 b5 16. Nc5 Ndxc5 17. dxc5 Rae8 18. Rc1 f5 19. Nd4 Bxe2 20. Qxe2 Rf6 21. Rfd1 Qf7 22. Qf3 Rf8 23. a4 Rh6 24. axb5 axb5 25.
Ra1 Ng5 26. Qe2 Ne4 27. Rdc1 g5 28. Nf3 Qh5 29. Kf1 Qh1+ 30. Ng1 Rh2 31. Qf3 Nd2+ 32. Ke2 Nxf3 33. Nxf3 Qxg2 34. Nxh2 Qxh2 35. Ra6 Qh5+ 36. Kd2 Qf3 37. Rf1 d4 38. e4 fxe4 39. Ra3 Qxa3 40. Ke2 Qd3+ 41. Ke1 e3 42. f3 Qd2# 0-1

[Event "*** Titled Tuesday Blitz"]
[Site "Chess.com"]
[Date "2020.12.01"]
[Round "11"]
[White "Alindsay211"]
[Black "glebus008"]
[Result "0-1"]
[WhiteElo "2369"]
[BlackElo "2252"]
[TimeControl "180+1"]
[EndTime "12:06:00 PST"]
[Termination "glebus008 won on time"]

1. Nf3 d5 2. d4 Nf6 3. g3 e6 4.
Bg2 Be7 5. O-O O-O 6. Nbd2 c5 7. dxc5 Bxc5 8. Re1 Nc6 9. c3 e5 10. e3 e4 11. Nd4 Ne5 12. N2b3 Bg4 13. f3 exf3 14. Bxf3 Nxf3+ 15. Nxf3 Bb6 16. Nbd4 Ne4 17. Rf1 Ng5 18. Qd3 Bxd4 19. Nxd4 Re8 20. Rf4 Nh3+ 21. Kg2 Nxf4+ 22. exf4 Qe7 23. Bd2 Qe4+ 24. Qxe4 Rxe4 25. Re1 Rae8 26.
Rxe4 Rxe4 27. Kf2 f6 28. Be3 Kf7 29. Nc2 b6 30. Nd4 Bd7 31. Kf3 h5 32. Bf2 Bg4+ 33. Kg2 h4 34. Kf1 h3 35. Bg1 Bd1 36. Bf2 g5 37.
fxg5 fxg5 38. Be1 Ba4 39. Bd2 Kg6 40. Kf2 Bd1 0-1

[Event "*** Titled Tuesday Blitz"]
[Site "Chess.com"]
[Date "2020.12.01"]
[Round "11"]
[White "r31415"]
[Black "bascheyaro"]
[Result "0-1"]
[WhiteElo "2511"]
[BlackElo "2749"]
[TimeControl "180+1"]
[EndTime "12:06:01 PST"]
[Termination "bascheyaro won on time"]

1. e4 e6 2. d4 d5 3. Nc3 Bb4 4.
exd5 exd5 5. Bd3 Nf6 6. Bg5 h6 7. Bh4 c5 8. a3 Qe7+ 9. Be2 Bxc3+ 10. bxc3 Nc6 11. Nf3 Bg4 12. O-O O-O 13. Re1 Rae8 14. Ne5 Bxe2 15. Rxe2 cxd4 16. cxd4 Qd6 17. Bxf6 Qxf6 18.
Nd7 Qxd4 19. Qxd4 Nxd4 20. Rd2 Nxc2 21. Rxc2 Rc8 22. Rac1 Rxc2 23. Rxc2 Re8 24. Kf1 f6 25. Rc7 d4 26. Nc5 Re5 27. Nxb7 d3 28. Rd7 Rb5 29. Rd8+ Kh7 30. Rxd3 Rxb7 31. h4 Kg6 32. g3 Kf5 33.
Kg2 Ke4 34. Rd6 Ke5 35. Rd3 g5 36. h5 g4 37. f3 gxf3+ 38. Kxf3 f5 39. Re3+ Kf6 40. Kf4 Rc7 41. Rd3 Rc4+ 42. Kf3 Kg5 43. Rd5 Rc3+ 44. Kg2 Rxa3 45. Rc5 a5 46. Kh3 a4 47.
Ra5 Ra1 48. Rb5 a3 49. Kg2 Kg4 50. Rb4+ Kxh5 51. Ra4 Kg5 52. Kh2 h5 53. Kg2 Kf6 54. Ra6+ Ke5 55. Ra5+ Ke4 56. Ra4+ Kd3 57. Ra5 Kc4 58.
Rxa3 Rxa3 0-1

[Event "*** Titled Tuesday Blitz"]
[Site "Chess.com"]
[Date "2020.12.01"]
[Round "11"]
[White "guillembaches"]
[Black "Matols"]
[Result "1/2-1/2"]
[WhiteElo "2365"]
[BlackElo "2228"]
[TimeControl "180+1"]
[EndTime "12:06:01 PST"]
[Termination "Game drawn by repetition"]

1. d4 Nf6 2. Bf4 e6 3. e3 d5 4. Nd2 c5 5. c3 Nc6 6. Bd3 Bd6 7.
Bxd6 Qxd6 8. f4 O-O 9. Ngf3 b6 10. a3 Bb7 11. Ne5 Rac8 12. g4 Nd7 13. g5 cxd4 14.
cxd4 Ncxe5 15. fxe5 Nxe5 16. dxe5 Qxe5 17. Qe2 Qxg5 18.
Nf3 Qh5 19. Nd4 Qh4+ 20. Qf2 Qxf2+ 21. Kxf2 e5 22. Nf5 d4 23. Ne7+ Kh8 24. Nxc8 Bxh1 25. Nxa7 dxe3+ 26. Kxe3 Bd5 27. Nb5 f5 28. Nc3 Bc6 29. Rf1 g6 30. Bb5 Bb7 31. Rd1 f4+ 32. Ke2 e4 33. Rd7 Bc8 34. Re7 Bg4+ 35. Ke1 e3 36.
Re4 g5 37. Bd3 Rd8 38. Be2 Bxe2 39. Kxe2 Rd2+ 40. Ke1 Rxb2 41. Nd5 Rxh2 42. Re7 Kg8 43. Nf6+ Kf8 44. Rd7 h5 45. Nh7+ Ke8 46. Nf6+ Kf8 47. Nh7+ Ke8 48. Nf6+ Kf8 1/2-1/2

[Event "*** Titled Tuesday Blitz"]
[Site "Chess.com"]
[Date "2020.12.01"]
[Round "11"]
[White "Alexsur1981"]
[Black "Buffy7"]
[Result "0-1"]
[WhiteElo "2810"]
[BlackElo "2709"]
[TimeControl "180+1"]
[EndTime "12:06:02 PST"]
[Termination "Buffy7 won on time"]

1. e4 c6 2. Nf3 d5 3. d3 Qc7 4. Qe2 dxe4 5. dxe4 e5 6. Nbd2 Ne7 7. h4 h5 8. g3 Bg4 9. Nc4 f6 10. Ne3 Be6 11. Bg2 Nd7 12. O-O O-O-O 13. b4 Rg8 14. c4 g5 15. Bb2 g4 16. Nd2 Kb8 17.
Rfc1 Ng6 18. Nd5 Qc8 19. a4 Bh6 20. a5 Rde8 21. Rc2 Qd8 22. Ne3 Nf4 23. Qf1 Nxg2 24. Nxg2 Qe7 25. Qe2 Rd8 26. Ne3 Qh7 27. Nd5 cxd5 28.
cxd5 Bxd5 29. Re1 Bxd2 30. Rxd2 Be6 31. b5 Qe7 32. Qe3 Nc5 33. Ba3 b6 34. axb6 axb6 35.
Rc2 Rc8 36. Rec1 Rgd8 37. Kh2 Qb7 38. Qh6 Nxe4 39. Rc6 Bd5 0-1

[Event "*** Titled Tuesday Blitz"]
[Site "Chess.com"]
[Date "2020.12.01"]
[Round "11"]
[White "plumalka"]
[Black "Gusarov91"]
[Result "0-1"]
[WhiteElo "2499"]
[BlackElo "2650"]
[TimeControl "180+1"]
[EndTime "12:06:03 PST"]
[Termination "Gusarov91 won by resignation"]

1. e4 c6 2. d4 Na6 3. Nf3 Nc7 4.
c4 d5 5. e5 Bg4 6. Nc3 Bxf3 7.
Qxf3 e6 8. Be3 Ne7 9. a3 dxc4 10. Bxc4 Ncd5 11. O-O Nxc3 12. bxc3 Nd5 13. Bd2 Be7 14. Qg3 g6 15. f4 b5 16. Bd3 a6 17. a4 Bh4 18. Qf3 Be7 19. f5 gxf5 20. Bxf5 exf5 21. Qxf5 Rf8 22. Bh6 Qd7 23. Qf3 Qe6 24. Bxf8 Bxf8 25. axb5 cxb5 26. Qe4 Rc8 27. Rf3 h6 28. Raf1 Rc7 29. h3 a5 30. Rb1 Nxc3 31. Rxc3 Rxc3 32. Rxb5 Rc1+ 33. Kh2 Rc8 34. Rxa5 Bg7 35. Ra3 Kf8 36.
Re3 Rd8 37. Rd3 Qd5 38. Qe3 Bxe5+ 39. g3 Bg7 40. Qf4 Qa2+ 41. Rd2 Qd5 42. Rf2 Kg8 43. h4 Rd7 44. Rd2 Qd6 45. Qf5 Qe6 46. Qf3 Rxd4 47. Re2 Qd5 48. Re8+ Kh7 49. Qxd5 Rxd5 50. Re7 Kg8 51. Re3 Bf6 52. Kh3 Kg7 53. Rf3 Rd4 54. g4 Rc4 55. Kg3 Rc3 56. Rxc3 Bxc3 57. Kf4 Be1 58. g5 Bxh4 59. gxh6+ Kxh6 60. Kf5 Kg7 61.
Kg4 Bd8 62. Kf5 f6 63. Kg4 Kg6 0-1

[Event "*** Titled Tuesday Blitz"]
[Site "Chess.com"]
[Date "2020.12.01"]
[Round "11"]
[White "MaxLeto"]
[Black "Abdimalik_Abdisalimov"]
[Result "1-0"]
[WhiteElo "2387"]
[BlackElo "2657"]
[TimeControl "180+1"]
[EndTime "12:06:03 PST"]
[Termination "MaxLeto won on time"]

1. g4 d5 2. Bg2 c6 3. g5 e5 4. d4 e4 5. c4 Bd6 6. Nc3 Ne7 7. h4 a6 8. Nh3 Bf5 9. Be3 Nd7 10. c5 Bc7 11. b4 Ng6 12. h5 Bxh3 13. Bxh3 Nf4 14.
Qd2 Qxg5 15. O-O-O Qf6 16. Bxd7+ Kxd7 17. Rdg1 h6 18.
Rg4 Ne6 19. Rhg1 Qf5 20. Rh4 Rag8 21. a4 g5 22. hxg6 Rxg6 23. Rgh1 h5 24. b5 axb5 25. axb5 Bd8 26. R4h2 h4 27. Qa2 Bc7 28. Rh3 Qg4 29. Qa7 Nd8 30. b6 Bf4 31. Kc2 Bxe3 32. fxe3 Qg2 33.
Qb8 Qg4 34. Qc7+ Ke8 35. Qd6 Qd7 36. Qe5+ Qe6 37. Qxh8+ 1-0

[Event "*** Titled Tuesday Blitz"]
[Site "Chess.com"]
[Date "2020.12.01"]
[Round "11"]
[White "Beca95"]
[Black "karinachess1"]
[Result "1-0"]
[WhiteElo "2870"]
[BlackElo "2508"]
[TimeControl "180+1"]
[EndTime "12:06:04 PST"]
[Termination "Beca95 won on time"]

1. d4 d5 2. c4 e6 3. Nc3 Nf6 4.
Nf3 Bb4 5. Bg5 h6 6. Bd2 O-O 7. g4 Bxc3 8. Bxc3 Ne4 9. Qc2 b6 10. Rg1 g6 11. h4 Nd7 12. Bd2 Kg7 13. Bf4 c5 14. g5 h5 15. cxd5 exd5 16. Ne5 Bb7 17. f3 Nd6 18. Nxg6 fxg6 19. Bxd6 Re8 20. Bh3 Ba6 21. O-O-O Rxe2 22. Qc3 cxd4 23. Qxd4+ Kh7 24. Kb1 Rc8 25. Rge1 Rcc2 26. Rxe2 Rxe2 27. Qxd5 Qe8 28. Ba3 Ne5 29. b3 Nd3 30. Rxd3 Bxd3+ 31. Qxd3 Re1+ 32.
Bc1 Qc6 33. Qc2 Qxf3 34. Bg2 Qf7 35. Be4 Qg7 36. Bd3 Qf7 37. a4 Qg7 38. Ka2 Re6 39.
Bb2 Qe7 40. Qc3 1-0

[Event "*** Titled Tuesday Blitz"]
[Site "Chess.com"]
[Date "2020.12.01"]
[Round "11"]
[White "vladgoncharov"]
[Black "GothamChess"]
[Result "0-1"]
[WhiteElo "2475"]
[BlackElo "2588"]
[TimeControl "180+1"]
[EndTime "12:06:04 PST"]
[Termination "GothamChess won on time"]

1. d4 Nf6 2. c4 e5 3. dxe5 Ng4 4. Nf3 Bc5 5. e3 O-O 6. Bd3 Nc6 7. h3 Ngxe5 8. Nxe5 Nxe5 9. Bxh7+ Kxh7 10. Qh5+ Kg8 11. Qxe5 d6 12. Qf4 b5 13. cxb5 a6 14. b6 Bb7 15.
bxc7 Qd7 16. O-O Rfe8 17. Nc3 Re6 18. e4 Rae8 19. Be3 Qxc7 20. Bxc5 Qxc5 21. Rae1 Rg6 22.
g3 Qh5 23. Kg2 f5 24. Re3 fxe4 25. g4 d5 26. Rd1 Rf8 27. Qg3 Qg5 28. Kg1 Kh7 29.
Ne2 Rgf6 30. Rf1 Rf3 31. Qc7 Rxe3 32. Qc1 Rff3 33. fxe3 Qh4 34. Rxf3 exf3 35. Qc2+ Kh8 36.
Nf4 Qe1+ 37. Kh2 Qxe3 38. Kg3 f2+ 39. Kh4 Qxf4 0-1